3AAA
HOUSTON BC @ VERMONT LAKE MONSTERS
08/31/2022
 
TOP OF THE 1ST
Houston BC batting - Pitching for Vermont Lake Monsters : RHP José Salinas
Pitching: RHP José Salinas
Batting: RHB José Muńóz 0-0: Ball
1-0: Ground out 6-3 (Groundball, 6)
Batting: LHB António Rivera 0-0: Ball
1-0: DOUBLE (Flyball, 78M)
Batting: LHB Yun Yen 0-0: Called Strike
0-1: Foul Ball, location: 2F
0-2: Foul Ball, location: 2F
0-2: Ball
1-2: Ball
2-2: Foul Ball, location: 2F
2-2: Fly out, F8 (Flyball, 89XD)
Runner from 2nd tags up, SAFE at 3rd, no throw
Batting: LHB Jesús Reyes 0-0: Called Strike
0-1: Foul Ball, location: 2F
0-2: Ball
1-2: Ball
2-2: Ball
3-2: Foul Ball, location: 2F
3-2: Base on Balls
Batting: LHB Keith Gardner 0-0: Called Strike
0-1: Called Strike
0-2: Ball
1-2: Foul Ball, location: 2F
1-2: Ball
2-2: SINGLE (Groundball, 4MD) (infield hit)
António Rivera scores
Jesús Reyes to second
Batting: RHB Max White 0-0: Called Strike
0-1: Foul Ball, location: 2F
0-2: Ball
1-2: Fly out, F8 (Flyball, 8RD)
Top of the 1st over - 1 run(s), 2 hit(s), 0 error(s), 2 left on base; Houston 1 - Vermont 0
BOTTOM OF THE 1ST
Vermont Lake Monsters batting - Pitching for Houston BC : LHP Shawn Arnold
Pitching: LHP Shawn Arnold
Batting: RHB Keith Fish 0-0: Ball
1-0: Called Strike
1-1: Fly out, F8 (Flyball, 8RXD)
Batting: RHB Teddy Pelham 0-0: Ball
1-0: Swinging Strike
1-1: Ball
2-1: Called Strike
2-2: Foul Ball, location: 2F
2-2: Foul Ball, location: 2F
2-2: Strikes out swinging
Batting: RHB Joe Shaw 0-0: Called Strike
0-1: Called Strike
0-2: Ball
1-2: Strikes out swinging
Bottom of the 1st over - 0 run(s), 0 hit(s), 0 error(s), 0 left on base; Houston 1 - Vermont 0
TOP OF THE 2ND
Houston BC batting - Pitching for Vermont Lake Monsters : RHP José Salinas
Batting: RHB Jorge Quezada 0-0: Foul Ball, location: 2F
0-1: Called Strike
0-2: Ball
1-2: Foul Ball, location: 2F
1-2: Reached on Error, E7 (Flyball, 7M)
Batting: RHB Ludovico Trezza 0-0: Called Strike
0-1: Fly out, F9 (Flyball, 9D)
Batting: RHB Albert Delgado 0-0: Called Strike
0-1: Fielders Choice at 2nd, 6-4 (Groundball, 6)
Batting: RHB José Muńóz 0-0: Called Strike
0-1: Ball
1-1: Foul Ball, location: 2F
1-2: Ball
2-2: 2-RUN HOME RUN (Flyball, 7LD), Distance : 370 ft
Batting: LHB António Rivera 0-0: Called Strike
0-1: Ball
1-1: Ball
2-1: Foul Ball, location: 2F
2-2: SOLO HOME RUN (Flyball, 89XD), Distance : 430 ft
Batting: LHB Yun Yen 0-0: Ball
1-0: Called Strike
1-1: Ground out 3-1 (Groundball, 34)
Top of the 2nd over - 3 run(s), 2 hit(s), 1 error(s), 0 left on base; Houston 4 - Vermont 0
BOTTOM OF THE 2ND
Vermont Lake Monsters batting - Pitching for Houston BC : LHP Shawn Arnold
Batting: RHB Ray John 0-0: Ball
1-0: Swinging Strike
1-1: Ball
2-1: Foul Ball, location: 2F
2-2: Ball
3-2: Base on Balls
Batting: RHB Craig Stewart 0-0: Called Strike
0-1: Ball
1-1: Ball
2-1: Swinging Strike
2-2: Ball
3-2: Base on Balls
Ray John to second
Batting: RHB Carlos Padilla 0-0: Called Strike
0-1: Grounds into double play, 4-6-3 (Groundball, 4)
Ray John to third
Batting: LHB Reijiro Sato 0-0: Ball
1-0: Called Strike
1-1: Ball
2-1: Fly out, F9 (Flyball, 89S)
Bottom of the 2nd over - 0 run(s), 0 hit(s), 0 error(s), 1 left on base; Houston 4 - Vermont 0
TOP OF THE 3RD
Houston BC batting - Pitching for Vermont Lake Monsters : RHP José Salinas
Batting: LHB Jesús Reyes 0-0: Ball
1-0: Foul Ball, location: 2F
1-1: Ball
2-1: Foul Ball, location: 2F
2-2: Ball
3-2: Foul Ball, location: 2F
3-2: Ground out 4-3 (Groundball, 4)
Batting: LHB Keith Gardner 0-0: Ball
1-0: Swinging Strike
1-1: Foul Ball, location: 2F
1-2: Strikes out swinging
Batting: RHB Max White 0-0: Foul Ball, location: 2F
0-1: Ball
1-1: Ball
2-1: Ball
3-1: Called Strike
3-2: Ground out 1-3 (Groundball, 13S)
Top of the 3rd over - 0 run(s), 0 hit(s), 0 error(s), 0 left on base; Houston 4 - Vermont 0
BOTTOM OF THE 3RD
Vermont Lake Monsters batting - Pitching for Houston BC : LHP Shawn Arnold
Batting: RHB Fernando Castro 0-0: Ball
1-0: Ball
2-0: Called Strike
2-1: Called Strike
2-2: Strikes out swinging
Batting: RHB Ricardo Pacheco 0-0: Called Strike
0-1: Ball
1-1: Swinging Strike
1-2: Fly out, F9 (Flyball, 89M)
Batting: RHB Keith Fish 0-0: Ball
1-0: Called Strike
1-1: Ball
2-1: Ball
3-1: Fly out, F8 (Line Drive, 8RM)
Bottom of the 3rd over - 0 run(s), 0 hit(s), 0 error(s), 0 left on base; Houston 4 - Vermont 0
TOP OF THE 4TH
Houston BC batting - Pitching for Vermont Lake Monsters : RHP José Salinas
Batting: RHB Jorge Quezada 0-0: Ball
1-0: Ball
2-0: Called Strike
2-1: Ball
3-1: Called Strike
3-2: Strikes out swinging
Batting: RHB Ludovico Trezza 0-0: Ball
1-0: Ground out 5-3 (Groundball, 5S)
Batting: RHB Albert Delgado 0-0: Foul Ball, location: 2F
0-1: Ball
1-1: Fly out, F3 (Popup, 3DF)
Top of the 4th over - 0 run(s), 0 hit(s), 0 error(s), 0 left on base; Houston 4 - Vermont 0
BOTTOM OF THE 4TH
Vermont Lake Monsters batting - Pitching for Houston BC : LHP Shawn Arnold
Batting: RHB Teddy Pelham 0-0: Foul Ball, location: 2F
0-1: Ball
1-1: Called Strike
1-2: Ball
2-2: Strikes out swinging
Batting: RHB Joe Shaw 0-0: Ball
1-0: Called Strike
1-1: Called Strike
1-2: Ball
2-2: SOLO HOME RUN (Flyball, 7LD), Distance : 368 ft
Batting: RHB Ray John 0-0: Called Strike
0-1: Ball
1-1: Foul Ball, location: 2F
1-2: Ball
2-2: Reached on Error, E9 (Flyball, 89S)
Batting: RHB Craig Stewart 0-0: Called Strike
0-1: Swinging Strike
0-2: Strikes out swinging
Batting: RHB Carlos Padilla 0-0: Ball
1-0: SINGLE (Groundball, 4MD)
Ray John to second
Batting: LHB Reijiro Sato 0-0: Ball
1-0: Foul Ball, location: 2F
1-1: DOUBLE (Line Drive, 7LS)
Ray John scores
Carlos Padilla to third
Batting: RHB Fernando Castro 0-0: Foul Ball, location: 2F
0-1: Foul Ball, location: 2F
0-2: Ball
1-2: Strikes out swinging
Bottom of the 4th over - 2 run(s), 3 hit(s), 1 error(s), 2 left on base; Houston 4 - Vermont 2
TOP OF THE 5TH
Houston BC batting - Pitching for Vermont Lake Monsters : RHP José Salinas
Batting: RHB José Muńóz 0-0: Called Strike
0-1: Bunt missed!
0-2: Ball
1-2: Ball
2-2: Fly out, F5 (Popup, 5S)
Batting: LHB António Rivera 0-0: Called Strike
0-1: Ball
1-1: Called Strike
1-2: Ball
2-2: Fly out, F6 (Popup, 6M)
Batting: LHB Yun Yen 0-0: Ground out 4-3 (Groundball, 34)
Top of the 5th over - 0 run(s), 0 hit(s), 0 error(s), 0 left on base; Houston 4 - Vermont 2
BOTTOM OF THE 5TH
Vermont Lake Monsters batting - Pitching for Houston BC : LHP Shawn Arnold
Batting: RHB Ricardo Pacheco 0-0: Called Strike
0-1: Foul Ball, location: 2F
0-2: Ground out 6-3 (Groundball, 6)
Batting: RHB Keith Fish 0-0: Foul Ball, location: 2F
0-1: Reached on error, E1 (Groundball, 15)
Batting: RHB Teddy Pelham 0-0: Called Strike
0-1: Ball
1-1: Ball
2-1: Foul Ball, location: 2F
2-2: Ball
3-2: Fly out, F9 (Flyball, 89S)
Batting: RHB Joe Shaw 0-0: Ball
1-0: Ball
2-0: Fly out, F9 (Flyball, 89XD)
Bottom of the 5th over - 0 run(s), 0 hit(s), 1 error(s), 1 left on base; Houston 4 - Vermont 2
TOP OF THE 6TH
Houston BC batting - Pitching for Vermont Lake Monsters : RHP José Salinas
Batting: LHB Jesús Reyes 0-0: Called Strike
0-1: Ball
1-1: Swinging Strike
1-2: Ball
2-2: Ball
3-2: Strikes out swinging
Batting: LHB Keith Gardner 0-0: Called Strike
0-1: Swinging Strike
0-2: Ball
1-2: Strikes out swinging
Batting: RHB Max White 0-0: Ball
1-0: Foul Ball, location: 2F
1-1: Ball
2-1: Foul Ball, location: 2F
2-2: Fly out, F9 (Flyball, 89XD)
Top of the 6th over - 0 run(s), 0 hit(s), 0 error(s), 0 left on base; Houston 4 - Vermont 2
BOTTOM OF THE 6TH
Vermont Lake Monsters batting - Pitching for Houston BC : LHP Shawn Arnold
Batting: RHB Ray John 0-0: Ball
1-0: Ball
2-0: Ball
3-0: Base on Balls
Batting: RHB Craig Stewart 0-0: SINGLE (Line Drive, 7LS)
Ray John to second
Batting: RHB Carlos Padilla 0-0: Called Strike
0-1: Called Strike
0-2: Ball
1-2: Foul Ball, location: 2F
1-2: Ball
2-2: Ball
3-2: Foul Ball, location: 2F
3-2: Foul Ball, location: 2F
3-2: Base on Balls
Ray John to third
Craig Stewart to second
Batting: LHB Reijiro Sato 0-0: Swinging Strike
0-1: Swinging Strike
0-2: Foul Ball, location: 2F
0-2: Ball
1-2: Fielders Choice at 2nd, U6 (Groundball, 6M)
Ray John scores
Craig Stewart to third
Batting: RHB Fernando Castro 0-0: Fly out, F7 (Flyball, 7M)
Batting: RHB Ricardo Pacheco 0-0: Ball
1-0: Ball
2-0: Fielders Choice at 2nd, 5-4 (Groundball, 56)
Bottom of the 6th over - 1 run(s), 1 hit(s), 0 error(s), 1 left on base; Houston 4 - Vermont 3
TOP OF THE 7TH
Houston BC batting - Pitching for Vermont Lake Monsters : RHP José Salinas
Batting: RHB Jorge Quezada 0-0: Called Strike
0-1: Ball
1-1: Swinging Strike
1-2: Foul Ball, location: 2F
1-2: Ball
2-2: Ground out 6-3 (Groundball, 6)
Batting: RHB Ludovico Trezza 0-0: Ball
1-0: Swinging Strike
1-1: Foul Ball, location: 2F
1-2: Ground out 6-3 (Groundball, 6)
Batting: RHB Albert Delgado 0-0: Called Strike
0-1: Called Strike
0-2: Strikes out swinging
Top of the 7th over - 0 run(s), 0 hit(s), 0 error(s), 0 left on base; Houston 4 - Vermont 3
BOTTOM OF THE 7TH
Vermont Lake Monsters batting - Pitching for Houston BC : LHP Shawn Arnold
Batting: RHB Keith Fish 0-0: SINGLE (Line Drive, 7LS)
Batting: RHB Teddy Pelham 0-0: Ball
1-0: Bunted foul
1-1: Bunted foul
1-2: Foul Ball, location: 2F
1-2: Fielders Choice at 2nd, 6-4 (Groundball, 6M)
Batting: RHB Joe Shaw 0-0: Foul Ball, location: 2F
0-1: Ball
1-1: Ball
2-1: Ball
Wild Pitch!
Teddy Pelham to second
3-1: Swinging Strike
3-2: Base on Balls
Pitching: RHP Doug Ryan
Batting: RHB Ray John 0-0: Grounds into double play, 3-6-3 (Groundball, 3)
Bottom of the 7th over - 0 run(s), 1 hit(s), 0 error(s), 1 left on base; Houston 4 - Vermont 3
TOP OF THE 8TH
Houston BC batting - Pitching for Vermont Lake Monsters : RHP José Salinas
Pitching: LHP Carl Dyess
Batting: RHB José Muńóz 0-0: Ball
1-0: Ball
2-0: Called Strike
2-1: Ball
3-1: Swinging Strike
3-2: Base on Balls
Pinch Hitting: RHB Micah Miller 0-0: Ball
José Muńóz is caught stealing 2nd base
1-0: Ball
2-0: Foul Ball, location: 2F
2-1: Ground out 5-3 (Groundball, 5S)
Batting: LHB Yun Yen 0-0: Ball
1-0: Ball
2-0: Swinging Strike
2-1: Ball
3-1: Foul Ball, location: 2F
3-2: Strikes out swinging
Top of the 8th over - 0 run(s), 0 hit(s), 0 error(s), 0 left on base; Houston 4 - Vermont 3
BOTTOM OF THE 8TH
Vermont Lake Monsters batting - Pitching for Houston BC : RHP Doug Ryan
Now in LF: Micah Miller
Batting: RHB Craig Stewart 0-0: Foul Ball, location: 2F
0-1: Ball
1-1: Ball
2-1: Ball
3-1: Fly out, F7 (Flyball, 78M)
Batting: RHB Carlos Padilla 0-0: Ball
1-0: Swinging Strike
1-1: DOUBLE (Line Drive, 7LS)
Pitching: LHP Francisco Mora
Batting: LHB Reijiro Sato 0-0: Called Strike
0-1: Swinging Strike
0-2: Foul Ball, location: 2F
0-2: Ball
1-2: Foul Ball, location: 2F
1-2: Ground out 4-3 (Groundball, 4)
Carlos Padilla to third
Pitching: RHP António Ybarra
Pinch Hitting: RHB Júlio Santos 0-0: Ball
1-0: Ball
2-0: Ball
3-0: Called Strike
3-1: Fly out, F8 (Line Drive, 8LXD)
Bottom of the 8th over - 0 run(s), 1 hit(s), 0 error(s), 1 left on base; Houston 4 - Vermont 3
TOP OF THE 9TH
Houston BC batting - Pitching for Vermont Lake Monsters : LHP Carl Dyess
Pitching: RHP Ed Jacobs
Now at 2B: Dave Burns
Batting: LHB Jesús Reyes 0-0: Called Strike
0-1: Swinging Strike
0-2: Foul Ball, location: 2F
0-2: Fly out, F8 (Flyball, 8RXD)
Pitching: RHP Jim Unknown
Batting: LHB Keith Gardner 0-0: Ball
1-0: Fly out, F7 (Flyball, 78M)
Batting: RHB Max White 0-0: Called Strike
0-1: Foul Ball, location: 2F
0-2: Strikes out looking
Top of the 9th over - 0 run(s), 0 hit(s), 0 error(s), 0 left on base; Houston 4 - Vermont 3
BOTTOM OF THE 9TH
Vermont Lake Monsters batting - Pitching for Houston BC : RHP António Ybarra
Pitching: LHP Loren Beckham
Pinch Hitting: RHB Taroemon Watanabe 0-0: Foul Ball, location: 2F
0-1: Foul Ball, location: 2F
0-2: Ball
1-2: Foul Ball, location: 2F
1-2: SOLO HOME RUN (Flyball, 7D), Distance : 388 ft
Batting: RHB Keith Fish 0-0: Ball
1-0: Called Strike
1-1: Ball
2-1: Foul Ball, location: 2F
2-2: Fly out, F5 (Line Drive, 5)
Batting: RHB Teddy Pelham 0-0: SINGLE (Line Drive, 56)
Batting: RHB Joe Shaw 0-0: Foul Ball, location: 2F
0-1: Ball
1-1: 2-RUN HOME RUN (Flyball, 78XD), Distance : 422 ft
This league is powered by Out of the Park Baseball, the baseball management simulation game for PC, Mac and Linux
Friday, April 15th, 2016 - OOTP Baseball 16.9 Build 39